 Dungeon Crawl Stone Soup version 0.31.0-11-ge490571c62 (webtiles) character file.

Game seed: 688266073434585221

216 qw the Shooter (level 5, 0/26 HPs)
             Began as a Spriggan Hunter on Feb 3, 2024.
             Was an Initiate of Okawaru.
             Succumbed to an adder's poison
             ... on level 4 of the Dungeon.
             The game lasted 00:00:50 (1847 turns).

qw the Shooter (Spriggan Hunter)                    Turns: 1847, Time: 00:00:51

Health: 0/26       AC:  2    Str:  7    XL:     5   Next: 61%
Magic:  6/6        EV: 25    Int: 10    God:    Okawaru [......]
Gold:   163        SH:  0    Dex: 21    Spells: 4/4 levels left

rFire   . . .        a - +1 shortbow
rCold   . . .        (shield currently unavailable)
rNeg    . . .        c - +0 robe
rPois   .            (helmet restricted)
rElec   .            (no cloak)
rCorr   .            (gloves unavailable)
SInv    +            (boots unavailable)
Will    .....        j - amulet of the acrobat
Stlth   ++           h - +5 ring of evasion
HPRegen 0.24/turn    (no ring)
MPRegen 0.10/turn

%: acrobat
@: lethally poisoned (0 -> -2), very quick
A: very small, no large weapons, unfitting armour, see invisible, speed 3
a: Renounce Religion


You were on level 4 of the Dungeon.
You worshipped Okawaru.
Okawaru was noncommittal.
You visited 1 branch of the dungeon, and saw 4 of its levels.

You collected 163 gold pieces.


Innate Abilities, Weirdness & Mutations

You are very small and have problems with some larger weapons.
You are too small for most types of armour.
You have supernaturally acute eyesight. (SInv)
You cover ground extremely quickly. (Speed+++)


   Skills:
 - Level 2.0 Fighting
 + Level 5.8 Ranged Weapons
 - Level 5.2 Dodging
 - Level 1.5 Stealth


You had 4 spell levels left.
You didn't know any spells.
Your spell library was empty.

Inventory:

Hand Weapons
 a - a +1 shortbow (weapon)
Armour
 c - a +0 robe (worn)
Jewellery
 h - a +5 ring of evasion (left hand)
 j - an amulet of the acrobat (around neck)
Potions
 d - a potion of curing
 e - a potion of might
 f - a potion of lignification {unknown}
 g - a potion of magic {unknown}
 i - a potion of enlightenment {unknown}

Dungeon Overview and Level Annotations

Branches:
Dungeon (4/15)
 Temple: D:4-7

Altars:
Okawaru
Trog


Message History

The orc priest closely misses you. The orc hits you with a +0 club.
You shoot an arrow.
The arrow closely misses the orc priest.
The orc priest completely misses you. The orc completely misses you.
You shoot an arrow. The arrow hits the orc priest.
The orc priest is moderately wounded.
The orc priest completely misses you. The orc closely misses you.
You shoot an arrow. The arrow hits the orc priest.
The orc priest is heavily wounded.
The orc priest completely misses you. The orc completely misses you.
The orc priest barely misses you. The orc misses you.
You shoot an arrow. The arrow barely misses the orc priest.
The orc priest closely misses you. The orc completely misses you.
You shoot an arrow. The arrow hits the orc priest.
The orc priest is almost dead.
The orc priest closely misses you. The orc hits you with a +0 club.
You shoot an arrow.
The arrow closely misses the orc priest.
The orc priest closely misses you. The orc completely misses you.
You shoot an arrow.
The arrow completely misses the orc priest.
The orc priest misses you. The orc misses you.
You shoot an arrow. The arrow hits the orc priest.
You kill the orc priest!
Okawaru accepts your kill. The orc hits you but does no damage.
The adder bites you.
You are poisoned.
The adder poisons you!
You shoot an arrow. The arrow closely misses the adder.
You feel sick. The orc hits you with a +0 club.
The adder bites you but does no damage.
You shoot an arrow. The arrow misses the adder.
You feel sick. The adder completely misses you. The orc completely misses you.
You shoot an arrow. The arrow hits the adder.
The adder is moderately wounded.
You feel sick. The adder closely misses you. The orc completely misses you.
The adder bites you.
You shoot an arrow. The arrow hits the adder.
The adder is almost dead.
You die...

...<........#...##.#.##
...#...#...%#.##.#...
#.#.#.#..#.#.##.####
########.#.#.#.<..#....#
.............###########
#..###..###.......
#..#.#.####..
#..###..#.#.###...
..........@o.....#
#..###..###S.....# #
#..# .)..... #..#
.....## .... .....#
.#..# .'#### #.#... ...
# #..# ...


You could see an adder and an orc.

Vanquished Creatures
  An orc priest (D:4)
  Natasha (thrice) (D:2)
  4 adders
  2 ribbon worms
  6 orcs
  4 bats
  5 endoplasms
  2 giant cockroaches
  4 goblins
  5 hobgoblins
  7 jackals
  3 quokkas
  6 ball pythons
  A frilled lizard (D:1)
  6 kobolds
  6 rats
65 creatures vanquished.

Vanquished Creatures (others)
  An arcanist (D:3)
1 creature vanquished.

Grand Total: 66 creatures vanquished

Notes
Turn   | Place    | Note
-------+----------+-------------------------------------------
     0 | D:1      | qw the Spriggan Hunter began the quest for the Orb.
     0 | D:1      | Reached XP level 1. HP: 10/10 MP: 2/2
     0 | D:1      | 0 ||| qw: Version: 0.3-a-155-g5e7d8dd
     0 | D:1      | 0 ||| qw: Game counter: 3222
     0 | D:1      | 0 ||| qw: Melee chars always use a shield: true
     0 | D:1      | 0 ||| qw: God list: Okawaru
     0 | D:1      | 0 ||| qw: Allow faded altars: false
     0 | D:1      | 0 ||| qw: Do Orc after clearing Dungeon:15 true
     0 | D:1      | 0 ||| qw: Do second Lair branch before Depths: true
     0 | D:1      | 0 ||| qw: Lair rune preference: random
     0 | D:1      | 0 ||| qw: Goals: Normal
     0 | D:1      | 0 ||| PLANNING D:1-11
    46 | D:1      | Reached skill level 3 in Dodging
    99 | D:1      | Reached XP level 2. HP: 14/14 MP: 3/3
   319 | D:1      | 319 ||| UPGRADING to +5 ring of evasion.
   320 | D:1      | 320 ||| READING scroll labelled XYLEOBROCAA.
   320 | D:1      | 320 ||| ENCHANTING +0 shortbow.
   321 | D:1      | 321 ||| READING scroll labelled YHIMECR BEBA.
   322 | D:1      | 322 ||| READING scroll labelled NONIN ZIDA.
   322 | D:1      | 322 ||| ENCHANTING +0 shortbow.
   323 | D:1      | 323 ||| DROPPING scroll of butterflies.
   331 | D:2      | 331 ||| STAIRDANCE
   339 | D:2      | 339 ||| STAIRDANCE
   351 | D:1      | Reached XP level 3. HP: 18/18 MP: 4/4
   473 | D:2      | Noticed Natasha
   478 | D:2      | Killed Natasha
   479 | D:2      | Reached XP level 4. HP: 17/22 MP: 5/5
   522 | D:2      | Noticed Natasha
   534 | D:2      | 534 ||| RETREEEEATING.
   535 | D:2      | 535 ||| RETREEEEATING.
   536 | D:2      | 536 ||| RETREEEEATING.
   537 | D:2      | 537 ||| RETREEEEATING.
   538 | D:2      | 538 ||| RETREEEEATING.
   539 | D:2      | Killed Natasha
   609 | D:2      | Noticed Natasha
   615 | D:2      | Killed Natasha
   941 | D:2      | Reached XP level 5. HP: 26/26 MP: 6/6
  1053 | D:2      | 1053 ||| READING scroll labelled ASSEISMOHAD.
  1075 | D:3      | Found a faded altar of an unknown god.
  1188 | D:3      | Found an iron altar of Okawaru.
  1190 | D:3      | 1190 ||| PLANNING OKAWARU WORSHIP
  1190 | D:3      | 1190 ||| READING scroll labelled EZXEMUYJOSS.
  1191 | D:3      | 1191 ||| READING scroll labelled TIERAZ ZIAROW.
  1191 | D:3      | 1191 ||| IDENTIFYING purple potion
  1222 | D:3      | Became a worshipper of Warmaster Okawaru
  1223 | D:3      | 1223 ||| PLANNING D:1-11
  1637 | D:3      | Found a bloodstained altar of Trog.
  1640 | D:3      | Noticed a wizard
  1647 | D:3      | Killed a wizard
  1735 | D:3      | 1735 ||| UPGRADING to amulet of the acrobat.
  1740 | D:3      | 1740 ||| READING scroll of identify.
  1740 | D:3      | 1740 ||| IDENTIFYING blue potion
  1741 | D:3      | 1741 ||| READING 2 scrolls labelled ECU WIPPAONA.
  1742 | D:3      | 1742 ||| DROPPING scroll of amnesia.
  1844 | D:4      | HP: 6/26 [orc/+0 club (4)]
  1846 | D:4      | HP: 1/26 [adder (3)]
  1847 | D:4      | Succumbed to an adder's poison

Levels and vault maps discovered:
D:1:      dpeg_arrival_pits, layout_rooms, serial_bayou_crossing
D:2:      layout_loops_ring, grunt_decor_one_mirror, uniq_natasha
D:3:      cheibrodos_old_hovel, layout_basic, trog_wizard,
          okawaru_metal_pillars_1_2, ebering_ecumenical_altar_abandoned,
          kennysheep_small_spiral
D:4:      layout_basic, minmay_temple_entry_mist, minmay_misc_feat_nine_boxes,
          nicolae_the_louvre, uniq_duvessa, uniq_blork_the_orc, uniq_pikel

Skill      XL: |  1  2  3  4 |
---------------+-------------+-----
Dodging        | 3 4 5 |  5.2
Ranged Weapons | 5 |  5.8
Fighting       | 2 |  2.0
Stealth        | |  1.5

Action                     |  1- 3 |  4- 6 || total
---------------------------+-------+-------++-------
   Fire: Shortbow          |    91 |   125 ||   216
    Use: Scroll            |     3 |     5 ||     8
 Armour: Robe              |     6 |    21 ||    27
  Dodge: Dodged            |    41 |    80 ||   121

Table legend:
 A = Non-vault XP
 B = Vault XP
 C = Vault XP percentage of total XP
 D = Non-vault monster count
 E = Vault monster count
 F = Vault count percentage of total count
                 A         B        C        D         E       F
            +---------+---------+-------+---------+---------+-------
      Total |     261 |      48 |  15.5 |      63 |       2 |   3.1
            +---------+---------+-------+---------+---------+-------
        D:1 |      42 |       0 |   0.0 |      23 |       0 |   0.0
        D:2 |     128 |      35 |  21.5 |      21 |       1 |   4.5
        D:3 |      39 |      13 |  25.0 |      13 |       1 |   7.1
        D:4 |      52 |       0 |   0.0 |       6 |       0 |   0.0
            +---------+---------+-------+---------+---------+-------
